 Dungeon Crawl Stone Soup version 0.30-a0-860-g512cf1e979 (webtiles) character file.

Game seed: 6115786061111763640

795 jimonade the Magician (level 8, -2/54 HPs)
             Began as a Djinni Warper on Mar 7, 2023.
             Splashed by a jelly's acid (11 damage)
             ... on level 4 of the Dungeon.
             The game lasted 00:13:33 (5132 turns).

jimonade the Magician (Djinni Warper)               Turns: 5132, Time: 00:13:34

Health: -2/54      AC:  6    Str: 12    XL:     8   Next: 13%
Gold:   264        EV: 11    Int: 16    God:
                   SH:  0    Dex: 18

rFire   + . .      SeeInvis .    a - +1 war axe (elec)
rCold   . . .      Faith    .    (no shield)
rNeg    . . .      Spirit   .    l - +1 ring mail
rPois   ∞          Reflect  .    (no helmet)
rElec   .          Rampage  .    (no cloak)
rCorr   .                        (no gloves)
Will    .....                    (boots unavailable)
Stlth   +                        (no amulet)
HPRegen 0.29/turn                j - ring of ice
MPRegen 0.00/turn                s - +6 ring of dexterity

@: on blink cooldown, flying
A: sickness immunity, fire resistance 2, cold vulnerability 1, float, innate
caster, HP casting, extra vitality 1
a: no special abilities


You were on level 4 of the Dungeon.
You visited 1 branch of the dungeon, and saw 5 of its levels.
You also visited: Sewer.

You collected 264 gold pieces.

Inventory:

Hand Weapons
 a - a +1 war axe of electrocution (weapon)
 b - a +2 dagger of venom
 h - a +2 flail of protection
 p - a +0 spear
 u - a +3 dagger
 v - a +1 dagger of speed
Missiles
 d - 7 boomerangs of dispersal
 t - 8 boomerangs
 C - 2 atropa-tipped darts (quivered)
Armour
 l - a +1 ring mail (worn)
 n - a +0 chain mail
 r - a +0 leather armour
 F - a +0 chain mail
Magical Staves
 w - a staff of fire
Jewellery
 i - a +6 ring of intelligence
 j - a ring of ice (left hand)
 s - a +6 ring of dexterity (right hand)
 y - a +6 ring of strength
Scrolls
 c - a scroll of blinking
 m - a scroll of enchant armour
 o - a scroll of teleportation
 B - a scroll of enchant weapon
 E - a scroll of magic mapping {unknown}
Potions
 e - a potion of magic {unknown}
 f - 4 potions of curing
 g - a potion of haste
 k - a potion of degeneration
 q - a potion of heal wounds {unknown}
 x - a potion of flight {unknown}
 z - a potion of brilliance {unknown}
 A - a potion of ambrosia {unknown}
 D - a potion of mutation {unknown}


   Skills:
 - Level 2.0 Fighting
 - Level 1.5 Polearms
 - Level 0.7 Throwing
 - Level 1.0 Armour
 - Level 2.1 Dodging
 + Level 7.0 Spellcasting


You knew the following spells:

 Your Spells              Type           Power      Damage    Failure   Level
a - Blink                 Tloc           56%        N/A       2%          2
b - Lesser Beckoning      Tloc           56%        N/A       2%          2
c - Vhi's Electric Charg  Tloc/Air       56%        N/A       4%          3
d - Teleport Other        Tloc           28%        N/A       4%          3
e - Manifold Assault      Tloc           28%        N/A       16%         4
f - Summon Small Mammal   Summ           100%       N/A       1%          1
g - Passwall              Tmut/Erth      23%        N/A       2%          2
h - Dazzling Flash        Conj/Hex       56%        N/A       4%          3
Your spell library was empty.

Dungeon Overview and Level Annotations

Branches:
Dungeon (5/15)              Sewer (visited)
 Temple: D:4-7

Altars:
Hepliaklqana
Ru

Annotations:
D:3 2 transporters, tgirl's ghost, amateur OpMo
D:5 3 runed translucent doors


Innate Abilities, Weirdness & Mutations

You are immune to sickness and miasma.
You are immune to poison.
Your flesh is very heat resistant. (rF++)
You are vulnerable to cold. (rC-)
You float through the air rather than walking.
You learn spells naturally, not from books.
Your magical power is your life essence.
You have superior vitality. (+4 MHP)


Message History

The gnoll sergeant hits you but does no damage.
The gnoll barely misses you.
The gnoll sergeant hits you but does no damage.
The gnoll sergeant hits you from afar with a +0 spear!
The phantom attacks as you move away! The phantom hits you.
You feel stable enough to blink again. The gnoll hits you with a +0 whip.
The jelly quivers.
The gnoll shouts!
The jelly barely misses you. The gnoll attacks as you move away!
The gnoll hits you with a +0 whip. The phantom attacks as you move away!
The phantom hits you. The phantom attacks as you move away!
The phantom misses you.
Found a stone staircase leading up.
The jelly attacks as you move away! The jelly barely misses you.
The gnoll attacks as you move away! The gnoll barely misses you.
The phantom attacks as you move away! The phantom hits you.
The jelly attacks as you move away! The jelly hits you but does no damage.
The gnoll attacks as you move away! The gnoll closely misses you.
The phantom attacks as you move away! The phantom hits you.
Found a scale mail.
The jelly attacks as you move away! The jelly hits you but does no damage.
Found 6 stones.
There is a stone staircase leading up here.
The gnoll hits you with a +0 whip. The jelly closely misses you.
The gnoll sergeant hits you from afar with a +0 spear.
You fly upwards.
There is a stone staircase leading down here.
Casting: Blink (safe; 2% risk of failure)
Confirm with . or Enter, or press ? or * to list all spells.
You blink.
* * * LOW HITPOINT WARNING * * *
The jelly hits you.
* * * LOW HITPOINT WARNING * * *
You are splashed with acid.
* * * LOW HITPOINT WARNING * * *
The jelly attacks as you move away! The jelly hits you.
* * * LOW HITPOINT WARNING * * *
You are splashed with acid!
You die...

#.##.#
#######.##.#
###..........#
#.........##.#
#.#.####.###.#
#.#.# #.# #.###
#.#.# #.###...##
#.#.# #.##.....#
#.#@# #..<.....#
#.#J# ####.....#
#.#g########...##
#.#§..........##
#.###########.#
#.# #.# #<# #.#
#.# #.###### #.#
###.......


You could see a jelly and a gnoll.

Vanquished Creatures
  An ice beast (D:5)
  An ogre (D:5)
  A phantom (D:4)
  A jelly (D:5)
  A hound (D:5)
  An orc priest (D:5)
  2 orc wizards
  13 adders
  A worm (D:2)
  2 dart slugs
  14 orcs
  3 endoplasms
  2 giant cockroaches (D:4)
  6 goblins
  2 hobgoblins (D:1)
  3 jackals
  3 quokkas
  3 ball pythons
  7 bats
  2 frilled lizards (D:3)
  8 kobolds
  3 rats
80 creatures vanquished.

Vanquished Creatures (collateral kills)
  Pargi (Sewer)
  A black bear (D:4)
  Natasha (D:2)
  An orc (D:2)
4 creatures vanquished.

Vanquished Creatures (others)
  6 plants (D:3)
6 creatures vanquished.

Grand Total: 90 creatures vanquished

Notes
Turn   | Place    | Note
-------+----------+-------------------------------------------
     0 | D:1      | jimonade the Djinni Warper began the quest for the Orb.
     0 | D:1      | jimonade set off with the following spells memorised:
                  | Blink, Lesser Beckoning, Vhi's Electric Charge, Teleport
                  | Other, Manifold Assault.
     0 | D:1      | Reached XP level 1. HP: 18/18 MP: 0/0
    93 | D:1      | Reached XP level 2. HP: 21/23 MP: 0/0
   280 | D:1      | Reached skill level 3 in Spellcasting
   551 | D:2      | Reached XP level 3. HP: 23/28 MP: 0/0
   551 | D:2      | Learned a level 1 spell: Summon Small Mammal
   711 | D:2      | Found a faded altar of an unknown god.
  1025 | D:2      | Reached XP level 4. HP: 17/33 MP: 0/0
  1437 | D:2      | Noticed Natasha
  1454 | D:2      | HP: 1/33 [white imp[Natasha] (4)]
  1454 | D:2      | Killed Natasha
  1455 | D:2      | Reached skill level 4 in Spellcasting
  1455 | D:2      | Reached XP level 5. HP: 1/38 MP: 0/0
  1455 | D:2      | Learned a level 2 spell: Passwall
  2250 | D:3      | Found a faded altar of an unknown god.
  2254 | D:3      | Found a sacrificial altar of Ru.
  2653 | D:3      | Reached XP level 6. HP: 43/43 MP: 0/0
  2855 | D:3      | Found a transporter.
  2858 | D:3      | Found a transporter.
  2864 | D:3      | Noticed tgirl's ghost (amateur OpMo)
  2920 | D:3      | Found a hazy altar of Hepliaklqana.
  3129 | D:4      | Found a glowing drain.
  3144 | D:4      | Reached skill level 5 in Spellcasting
  3146 | Sewer    | Entered a sewer
  3211 | Sewer    | Noticed Pargi
  3234 | Sewer    | Killed Pargi
  3422 | D:4      | Noticed a black bear
  3433 | D:4      | Killed a black bear
  3434 | D:4      | Reached XP level 7. HP: 19/49 MP: 0/0
  3434 | D:4      | Learned a level 3 spell: Dazzling Flash
  3697 | D:4      | Reached skill level 6 in Spellcasting
  4162 | D:5      | Entered Level 5 of the Dungeon
  4464 | D:5      | Reached XP level 8. HP: 15/54 MP: 0/0
  4944 | D:5      | Reached skill level 7 in Spellcasting
  5074 | D:5      | Found a runed translucent gate.
  5074 | D:5      | Found a runed translucent gate.
  5074 | D:5      | Found a runed translucent gate.
  5132 | D:4      | Splashed by a jelly's acid

Illustrated notes

Levels and vault maps discovered:
D:1:      dpeg_arrival_long_road, layout_rooms, hangedman_decor_peaks_small
D:2:      layout_loops_cross, hellmonk_ecumenical_altar_blasted,
          nicolae_elevator_lobby_plus, uniq_natasha
D:3:      layout_basic, nicolae_overflow_ecumenical_swirl,
          general_overflow_altar, mainiacjoe_overflow_catwalk,
          gammafunk_ghost_gnarly_gnolls, grunt_ministairs_10
D:4:      black_bear_nest_1, layout_loops_ring, portal_sewer_entry_f
D:5:      layout_rooms, gammafunk_ghost_icy, chequers_decorated_corner

Skill      XL: |  1  2  3  4  5  6  7  8 |
---------------+-------------------------+-----
Spellcasting   | 3 4 5 6 7 |  7.0
Fighting       | |  2.0
Polearms       | |  1.5
Throwing       | |  0.7
Armour         | |  1.0
Dodging        | |  2.1

Action                     |  1- 3 |  4- 6 |  7- 9 || total
---------------------------+-------+-------+-------++-------
  Melee: Spear             |    84 |       |       ||    84
         Dagger            |    19 |   188 |    80 ||   287
         Punch             |       |     1 |     3 ||     4
         War axe           |       |     1 |    18 ||    19
  Throw: Dart              |       |       |     2 ||     2
   Cast: Summon Small Mamm |       |    30 |       ||    30
         Vhi's Electric Ch |       |       |     7 ||     7
         Blink             |       |       |     8 ||     8
         Dazzling Flash    |       |       |     1 ||     1
    Use: Scroll            |       |    10 |     2 ||    12
   Stab: Sleeping          |     2 |       |       ||     2
 Armour: Leather armour    |     8 |       |       ||     8
         Ring mail         |     9 |    64 |    32 ||   105
  Dodge: Dodged            |    38 |    87 |    79 ||   204

Table legend: (Time is in decaauts)
 A = Elapsed time spent in this place.
 B = Non-inter-level travel time spent in this place.
 C = Inter-level travel time spent in this place.
 D = Time resting spent in this place.
 E = Time spent auto-exploring this place.
 F = Levels seen in this place.
 G = Mean time per level.
                   A        B        C        D        E       F      G
               +--------+--------+--------+--------+--------+-----+--------+
         Total |   5104 |   4858 |    246 |    674 |   2955 |   6 |  850.7 |
       Dungeon |   4937 |   4691 |    246 |    674 |   2871 |   5 |  987.4 |
         Sewer |    167 |    167 |      0 |      0 |     84 |   1 |  167.0 |
               +--------+--------+--------+--------+--------+-----+--------+

Top non-repeatable levels by time:
     D:4: 1313 daAuts
     D:2: 1304 daAuts
     D:3: 976 daAuts
     D:1: 748 daAuts
     D:5: 594 daAuts
   Sewer: 167 daAuts
